 Dungeon Crawl Stone Soup version 0.28.0-45-g0d030f2227 (webtiles) character file.

Game seed: 13718931317725252146

3 acdeimund the Conjurer (level 1, -1/13 HPs)
             Began as a Human Conjurer on Apr 8, 2022.
             Slain by a scorpion (9 damage)
             ... on level 2 of the Dungeon.
             The game lasted 00:02:26 (285 turns).

acdeimund the Conjurer (Human Conjurer)              Turns: 285, Time: 00:02:27

Health: -1/13      AC:  2    Str:  7    XL:     1   Next: 55%
Magic:  3/3        EV: 12    Int: 18    God:
Gold:   11         SH:  0    Dex: 11    Spells: 3/4 levels left

rFire   . . .      SeeInvis .   b - +0 short sword
rCold   . . .      Faith    .   (no shield)
rNeg    . . .      Spirit   .   a - +0 robe
rPois   .          Reflect  .   (no helmet)
rElec   .          Harm     .   (no cloak)
rCorr   .          Rampage  .   (no gloves)
Will    .....                   (no boots)
Stlth   ++........              (no amulet)
HPRegen 0.04/turn               (no ring)
MPRegen 0.08/turn               (no ring)

@: no status effects
A: no striking features
a: no special abilities


You were on level 2 of the Dungeon.
You visited 1 branch of the dungeon, and saw 2 of its levels.

You collected 11 gold pieces.

Inventory:

Hand Weapons
 b - a +0 short sword (weapon)
Armour
 a - a +0 robe (worn)


   Skills:
 + Level 0.1 Fighting
 + Level 2.0 Dodging
 + Level 2.0 Stealth
 * Level 2.0 Spellcasting
 * Level 4.0 Conjurations


You had 3 spell levels left.
You knew the following spells:

 Your Spells              Type           Power      Damage    Failure   Level
a - Magic Dart            Conj           64%        1d6       3%          1

Your spell library contained the following spells:

 Spells                   Type           Power      Damage    Failure   Level
 Searing Ray              Conj           32%        2d5       5%          2
 Dazzling Flash           Conj/Hex       18%        N/A       24%         3
 Fulminant Prism          Conj/Hex       4%         3d6       61%         4
 Iskenderun's Mystic Bla  Conj/Tloc      9%         2d4       61%         4


Dungeon Overview and Level Annotations

Branches:
Dungeon (2/15)

Altars:


Message History

You start resting.
An endoplasm comes into view.
There is a stone staircase leading up here.
Aiming: Magic Dart (safe; 3% risk of failure)
Press: ? - help, Q - select action Shift-Dir - straight line, f - kobold
Aim: a kobold, wielding a +0 short sword and quivering stones (asleep, 100% to hit)
The magic dart hits the kobold.
The kobold is severely wounded.
Aiming: Magic Dart (safe; 3% risk of failure)
Press: ? - help, Q - select action Shift-Dir - straight line, f/p - kobold
Aim: a kobold, wielding a +0 short sword and quivering stones (severely wounded, 100% to hit)
The magic dart hits the kobold.
You kill the kobold!
Things that are here:
a +0 short sword; 4 stones; a kobold corpse
b - a +0 short sword
b - a +0 short sword (weapon)
You start resting.
Magic restored.
You start resting.
HP restored.
There is a stone staircase leading up here.
A scorpion comes into view.
There is a stone staircase leading up here.
You climb upwards.
The ball python hisses angrily.
The jackal misses you. The jackal barely misses you.
The jackal bites you but does no damage.
The jackal barely misses you. The ball python bites you.
The ball python grabs you. The ball python constricts you.
There is a stone staircase leading down here.
You can't go up here!
You can't go up here!
You escape the ball python's grasp.
The jackal bites you. The jackal misses you.
You climb downwards.
The scorpion closely misses you.
There is a stone staircase leading up here.
The scorpion stings you!
Ouch! That really hurt!
You die...

#..........#
#..#.#.#.#.#
##..........#
...#.#.#.#.####
#.............
#.#.#.#$#.#
#....S(...#
...##sh##..#
#h@# .# ##.# #
#.# #.......s.#
#.#.#.#.#.#
#..........#
#..#.#.#.#..#
...............
....#.#.#.#..##


You could see a scorpion, 2 jackals and a ball python.

Vanquished Creatures
  A hobgoblin (D:1)
  A jackal (D:2)
  A kobold (D:2)
3 creatures vanquished.

Notes
Turn   | Place    | Note
-------+----------+-------------------------------------------
     0 | D:1      | acdeimund the Human Conjurer began the quest for the Orb.
     0 | D:1      | Reached XP level 1. HP: 13/13 MP: 3/3
   277 | D:2      | Noticed a scorpion
   285 | D:2      | Slain by a scorpion

Illustrated notes

Levels and vault maps discovered:
D:1:      giann_bridges, layout_basic, bh_walls_and_bars
D:2:      cheibrodos_helix_gallery, layout_loops_ring, serial_co_window_serial,
          co_window_paths_a, co_window_corner_a, co_window_paths_a,
          co_window_of_opportunity_a, co_window_of_opportunity_a,
          co_window_paths_c, co_window_corner_cb, co_window_broadway_c,
          co_window_4corner_b, co_window_sun, glass_columns_c, glass_columns_a,
          glass_columns_c, glass_columns_c, glass_columns_c, minmay_surrounded,
          uniq_robin

Action                   || total
-------------------------++-------
 Cast: Magic Dart        ||    11
Armor: Robe              ||     9
Dodge: Dodged            ||    20
